 Dungeon Crawl Stone Soup version 0.24-a0-417-g1cce26a4d2 (webtiles) character file.

Game seed: 10507740134539028761

70 theanonym the Chiller (level 4, -1/24 HPs)
             Began as a Gargoyle Ice Elementalist on June 10, 2019.
             Was an Initiate of Vehumet.
             Slain by a bullfrog skeleton (4 damage)
             ... on level 4 of the Dungeon.
             The game lasted 00:03:21 (1145 turns).

theanonym the Chiller (Gargoyle Ice Elementalist)   Turns: 1145, Time: 00:03:21

Health: -1/24      AC:  5    Str: 11    XL:     4   Next: 21%
Magic:  8/8        EV: 12    Int: 17    God:    Vehumet [......]
Gold:   75         SH:  0    Dex: 10    Spells: 3/9 levels left

rFire    . . .     SeeInvis .   m - +0 whip
rCold    . . .     Gourm    .   (no shield)
rNeg     + . .     Faith    .   a - +0 robe
rPois    ∞         Spirit   .   (no helmet)
rElec    +         Reflect  .   (no cloak)
rCorr    .         Harm     .   (no gloves)
MR       .....                  (no boots)
Stlth    ++........             (no amulet)
HPRegen  0.08/turn              (no ring)
MPRegen  0.11/turn              (no ring)

@: no status effects
A: negative energy resistance 1, electricity resistance, unbreathing,
petrification resistance, rot immunity, AC +3
a: Renounce Religion


Innate Abilities, Weirdness & Mutations

You are resistant to torment.
Your stone body is resilient. (AC +3)
You are immune to poison.
You resist negative energy. (rN+)
You are resistant to electric shocks. (rElec)
You can survive without breathing.
You are immune to petrification.
You are immune to rotting.


   Skills:
 - Level 1.5 Dodging
 - Level 2.1 Stealth
 + Level 3.0 Spellcasting
 + Level 1.7 Conjurations
 + Level 3.9 Ice Magic


You had 3 spell levels left.
You knew the following spells:

 Your Spells              Type           Power        Failure   Level  Hunger
a - Freeze                Ice            ###.         3%          1    None
c - Throw Frost           Conj/Ice       ##....       9%          2    ##.....
g - Ozocubu's Armour      Chrm/Ice       #.......     22%         3    ###....

Your spell library contained the following spells:

 Spells                   Type           Power        Failure   Level  Hunger
 Throw Icicle             Conj/Ice       ##......     47%         4    ####...
 Summon Ice Beast         Ice/Summ       #.......     58%         4    ####...

Skill      XL: |  1  2  3 |
---------------+----------+-----
Spellcasting   | 3 |  3.0
Dodging        | |  1.5
Stealth        | |  2.1
Conjurations   | |  1.7
Ice Magic      | |  3.9

Action                   |  1- 3 |  4- 6 || total
-------------------------+-------+-------++-------
Melee: Unarmed           |    20 |       ||    20
       Spear             |     1 |    13 ||    14
       Whip              |       |     6 ||     6
 Cast: Freeze            |    31 |     4 ||    35
       Ozocubu's Armour  |     1 |       ||     1
 Stab: Sleeping          |       |     1 ||     1
  Eat: Chunk             |       |     1 ||     1
Armor: Robe              |    23 |    11 ||    34
Dodge: Dodged            |    27 |    18 ||    45

Inventory:

Hand Weapons
 m - a +0 whip (weapon)
Armour
 a - a +0 robe (worn)
Scrolls
 c - a scroll of random uselessness {unknown}
 d - 2 scrolls of immolation {unknown}
 f - 5 scrolls of identify {unknown}
 h - a scroll of teleportation {unknown}
 j - a scroll of remove curse {unknown}
 l - a scroll of fear {unknown}
 n - 2 scrolls of blinking {unknown}
Potions
 b - a potion of heal wounds {unknown}
 g - 2 potions of ambrosia {unknown}
 i - a potion of mutation {unknown}
 k - a potion of degeneration {unknown}
Comestibles
 e - 2 rations
 o - 6 chunks of flesh


You were on level 4 of the Dungeon.
You worshipped Vehumet.
Vehumet was noncommittal.
You were not hungry.

You visited 1 branch of the dungeon, and saw 3 of its levels.

You collected 75 gold pieces.

Dungeon Overview and Level Annotations

Branches:
Dungeon (2/15)

Altars:
Dithmenos
Gozag
Kikubaaqudgha
Ru
Sif Muna
Uskayaw
Vehumet
Xom

..... .....
.....$ ....
...#####
#...).##########.
#..##............
#.@Zs...........
#####...........
#..........o
#..###.##### ##..
..# #### ....
..?. .###


You could see a scorpion and a bullfrog skeleton.

Notes
Turn   | Place    | Note
-------+----------+-------------------------------------------
     0 | D:1      | theanonym the Gargoyle Ice Elementalist began the quest for
                  | the Orb.
     0 | D:1      | Reached XP level 1. HP: 10/10 MP: 3/3
   132 | D:1      | theanonym: !lg . gr win s=class
   132 | D:1      | meem: 13 games for theanonym (gr win): 4x Berserker, 4x
                  | Earth Elementalist, 2x Fighter, Conjurer, Fire
                  | Elementalist, Monk
   155 | D:1      | Reached XP level 2. HP: 15/15 MP: 0/5
   285 | D:1      | Found a blossoming altar of Fedhas.
   287 | D:1      | Found a shadowy altar of Dithmenos.
   287 | D:1      | Found a sacrificial altar of Ru.
   292 | D:1      | Found a shimmering altar of Xom.
   292 | D:1      | Found an ancient bone altar of Kikubaaqudgha.
   292 | D:1      | Found a deep blue altar of Sif Muna.
   402 | D:1      | You fall into a shaft and drop 1 floor!
   445 | D:2      | Found a hide-covered altar of Uskayaw.
   445 | D:2      | Found a radiant altar of Vehumet.
   445 | D:2      | Found an opulent altar of Gozag.
   502 | D:2      | Reached XP level 3. HP: 19/19 MP: 3/6
   925 | D:2      | Became a worshipper of Vehumet
   957 | D:2      | Noticed Jessica
   963 | D:2      | Learned a level 3 spell: Ozocubu's Armour
   966 | D:2      | Learned a level 2 spell: Throw Frost
   974 | D:2      | Killed Jessica
   974 | D:2      | Reached skill level 3 in Spellcasting
   974 | D:2      | Reached XP level 4. HP: 22/24 MP: 0/8
   990 | D:2      | HP: 11/24 [adder (3)]
  1127 | D:2      | You fall into a shaft and drop 2 floors!
  1138 | D:4      | HP: 9/24 [scorpion (5)]
  1143 | D:4      | HP: 5/24 [bullfrog skeleton (5)]
  1145 | D:4      | Slain by a bullfrog skeleton

Vanquished Creatures
  Jessica (D:2)
  2 adders (D:2)
  4 giant cockroaches (D:1)
  3 goblins (D:1)
  2 hobgoblins
  2 jackals (D:1)
  6 bats
  2 frilled lizards (D:1)
  3 kobolds
  A rat (D:1)
26 creatures vanquished.

Table legend:
 A = Turns spent in this place as a percentage of turns spent in the entire game.
 B = Non-inter-level travel turns spent in this place as a percentage of non-inter-level travel turns spent in the entire game.
 C = Inter-level travel turns spent in this place as a percentage of turns spent in this place.
 D = Turns resting spent in this place as a percentage of non-inter-level travel turns spent in this place.
 E = Turns spent auto-exploring this place as a percentage of non-inter-level travel turns spent in this place.
 F = Non-inter-level travel turns spent in this place divided by the number of levels of this place that you've seen.
                   A       B       C       D       E      F
               +-------+-------+-------+-------+-------+----------------------
         Total | 100.0 | 100.0 |   5.7 |  11.0 |  70.0 | 360.0
       Dungeon | 100.0 | 100.0 |   5.7 |  11.0 |  70.0 | 360.0
               +-------+-------+-------+-------+-------+----------------------
